[ AOE2 MATCH · #464019358 ]
1v1 RMJapanese vs Spanish
Player's team · LOSS
Rival team · WIN
[ REPLAY ANALYSIS · EXTRACTED FROM THE RECORDED GAME ]
Feudal
11:33
Castle
26:42
Imperial
48:29
| APM avg | 14.8 |
| APM peak | 71 |
| eAPM avg | 11.8 |
| Villagers / military | 102 / 222 |
Focus
⚔️ 55.3% · 🌾 44.7%
Samurai ×148 · Spearman ×29 · Scout Cavalry ×20 · Trebuchet (Packed) ×11 · Militia ×7 · Knight ×6
Feudal
13:06
Castle
19:48
Imperial
40:39
| APM avg | 23.3 |
| APM peak | 65 |
| eAPM avg | 12.8 |
| Villagers / military | 75 / 180 |
Focus
⚔️ 27.9% · 🌾 72.1%
Conquistador ×82 · Cavalry Archer ×64 · Bombard Cannon ×10 · Monk ×9 · Knight ×8 · Petard ×4
Match map
Initial resources + every placement click. Lines = walls · curves = elevation contours. ◆ gold · ⬟ stone · ● berries · ✦ relic · ◌ wall gap
Inputs per minute
— EliasCar - - LeLoi448
Build order — EliasCar
First 150 of 437 actions detected
| 0:09 | Research | Loom |
| 0:10 | Create | Villager (Male) |
| 0:10 | Create | Villager (Male) |
| 0:10 | Create | Villager (Male) |
| 0:11 | Create | Villager (Male) |
| 0:11 | Create | Villager (Male) |
| 0:17 | Build | House |
| 0:28 | Build | Mill |
| 0:52 | Build | House |
| 1:21 | Build | House |
| 2:09 | Build | House |
| 2:13 | Create | Villager (Male) |
| 2:41 | Create | Villager (Male) |
| 2:54 | Create | Villager (Male) |
| 3:15 | Create | Villager (Male) |
| 3:23 | Build | Lumber Camp |
| 3:47 | Create | Villager (Male) |
| 4:03 | Create | Villager (Male) |
| 4:23 | Create | Villager (Male) |
| 4:35 | Create | Villager (Male) |
| 5:19 | Create | Villager (Male) |
| 5:19 | Create | Villager (Male) |
| 5:19 | Create | Villager (Male) |
| 6:15 | Create | Villager (Male) |
| 6:15 | Create | Villager (Male) |
| 6:15 | Create | Villager (Male) |
| 6:16 | Create | Villager (Male) |
| 6:57 | Create | Villager (Male) |
| 6:58 | Create | Villager (Male) |
| 6:58 | Create | Villager (Male) |
| 7:15 | Build | House |
| 8:01 | Build | House |
| 8:42 | Build | House |
| 8:58 | Create | Villager (Male) |
| 9:19 | Build | House |
| 9:23 | Research | Feudal Age |
| 9:23 | Research | Feudal Age |
| 9:24 | Research | Feudal Age |
| 9:39 | Build | Lumber Camp |
| 9:47 | Build | Mining Camp |
| 10:14 | Build | House |
| 10:46 | Build | House |
| 11:15 | Build | Mill |
| 11:31 | Build | House |
| 11:33 | Age | Feudal Age |
| 11:37 | Research | Town Watch |
| 11:38 | Research | Wheelbarrow |
| 11:41 | Research | Horse Collar |
| 11:49 | Research | Double-Bit Axe |
| 11:53 | Research | Gold Mining |
| 12:31 | Build | Barracks |
| 13:10 | Create | Villager (Male) |
| 13:10 | Create | Villager (Male) |
| 13:35 | Create | Villager (Male) |
| 13:35 | Create | Villager (Male) |
| 13:35 | Create | Villager (Male) |
| 13:35 | Create | Villager (Male) |
| 13:36 | Create | Villager (Male) |
| 13:44 | Build | Stable |
| 14:02 | Create | Spearman |
| 14:02 | Create | Spearman |
| 14:26 | Create | Militia |
| 14:36 | Build | Farm |
| 14:37 | Build | Farm |
| 14:39 | Build | Farm |
| 14:41 | Build | Farm |
| 14:41 | Build | Farm |
| 14:43 | Build | Farm |
| 14:46 | Build | Farm |
| 15:08 | Create | Villager (Male) |
| 15:08 | Create | Villager (Male) |
| 15:26 | Build | Market |
| 15:45 | Build | Mining Camp |
| 15:51 | Create | Spearman |
| 15:51 | Create | Spearman |
| 16:02 | Build | Farm |
| 16:09 | Build | Farm |
| 16:16 | Build | Farm |
| 16:20 | Create | Villager (Male) |
| 16:26 | Create | Spearman |
| 16:50 | Build | Watch Tower |
| 17:03 | Build | Farm |
| 17:06 | Build | Farm |
| 17:08 | Build | Farm |
| 17:14 | Create | Villager (Male) |
| 17:29 | Build | Mill |
| 17:34 | Create | Villager (Male) |
| 18:00 | Build | Farm |
| 18:14 | Create | Villager (Male) |
| 18:14 | Create | Villager (Male) |
| 18:15 | Create | Villager (Male) |
| 18:15 | Create | Villager (Male) |
| 18:22 | Build | Farm |
| 18:33 | Build | Mining Camp |
| 18:40 | Research | Man-at-Arms (upgrade) |
| 18:47 | Research | Arson |
| 19:01 | Create | Scout Cavalry |
| 19:31 | Create | Spearman |
| 19:31 | Create | Militia |
| 19:34 | Research | Bloodlines |
| 20:11 | Create | Scout Cavalry |
| 20:15 | Create | Villager (Male) |
| 20:16 | Create | Villager (Male) |
| 20:44 | Create | Militia |
| 20:45 | Create | Spearman |
| 20:48 | Create | Scout Cavalry |
| 21:15 | Create | Villager (Male) |
| 21:24 | Create | Villager (Male) |
| 22:02 | Build | Watch Tower |
| 22:09 | Create | Spearman |
| 22:10 | Create | Militia |
| 22:12 | Create | Scout Cavalry |
| 22:16 | Create | Villager (Male) |
| 22:17 | Create | Villager (Male) |
| 23:33 | Build | Watch Tower |
| 24:02 | Research | Castle Age |
| 24:08 | Create | Militia |
| 24:08 | Create | Spearman |
| 24:16 | Create | Scout Cavalry |
| 24:16 | Create | Scout Cavalry |
| 24:57 | Build | Mining Camp |
| 25:06 | Create | Spearman |
| 25:06 | Create | Spearman |
| 25:50 | Build | Lumber Camp |
| 25:59 | Build | Farm |
| 26:01 | Build | Farm |
| 26:04 | Build | Farm |
| 26:06 | Build | Farm |
| 26:42 | Age | Castle Age |
| 26:43 | Research | Pikeman (upgrade) |
| 26:44 | Research | Pikeman (upgrade) |
| 26:46 | Research | Husbandry |
| 26:47 | Research | Light Cavalry (upgrade) |
| 26:49 | Research | Gambesons |
| 26:50 | Research | Squires |
| 26:52 | Research | Long Swordsman (upgrade) |
| 26:56 | Build | Farm |
| 27:34 | Build | Castle |
| 27:45 | Create | Knight |
| 27:45 | Create | Knight |
| 27:51 | Create | Spearman |
| 27:51 | Create | Spearman |
| 28:48 | Research | Town Patrol |
| 29:23 | Build | Mining Camp |
| 29:31 | Create | Samurai |
| 29:32 | Create | Samurai |
| 29:32 | Create | Samurai |
| 29:32 | Create | Samurai |
| 29:36 | Create | Knight |
| 29:36 | Create | Knight |
Build order — LeLoi448
First 150 of 249 actions detected
| 0:02 | Create | Villager (Male) |
| 0:03 | Create | Villager (Male) |
| 0:03 | Create | Villager (Male) |
| 0:03 | Create | Villager (Male) |
| 0:04 | Create | Villager (Male) |
| 0:05 | Build | House |
| 0:06 | Build | House |
| 1:29 | Create | Villager (Male) |
| 1:29 | Create | Villager (Male) |
| 2:05 | Create | Villager (Male) |
| 2:05 | Create | Villager (Male) |
| 2:34 | Create | Villager (Male) |
| 2:35 | Create | Villager (Male) |
| 2:35 | Create | Villager (Male) |
| 2:47 | Build | Lumber Camp |
| 3:05 | Create | Villager (Male) |
| 3:05 | Create | Villager (Male) |
| 3:20 | Create | Villager (Male) |
| 3:20 | Create | Villager (Male) |
| 3:37 | Build | House |
| 4:02 | Create | Villager (Male) |
| 4:03 | Create | Villager (Male) |
| 4:03 | Create | Villager (Male) |
| 4:03 | Create | Villager (Male) |
| 4:14 | Build | Mill |
| 5:18 | Create | Villager (Male) |
| 5:18 | Create | Villager (Male) |
| 5:19 | Create | Villager (Male) |
| 5:52 | Create | Villager (Male) |
| 5:52 | Create | Villager (Male) |
| 5:52 | Create | Villager (Male) |
| 6:29 | Build | House |
| 6:34 | Build | House |
| 7:11 | Create | Villager (Male) |
| 7:12 | Create | Villager (Male) |
| 7:12 | Create | Villager (Male) |
| 7:12 | Create | Villager (Male) |
| 7:13 | Create | Villager (Male) |
| 7:14 | Create | Villager (Male) |
| 7:14 | Create | Villager (Male) |
| 7:15 | Create | Villager (Male) |
| 7:25 | Create | Villager (Male) |
| 7:26 | Create | Villager (Male) |
| 7:53 | Build | House |
| 8:01 | Create | Villager (Male) |
| 8:01 | Create | Villager (Male) |
| 9:10 | Create | Villager (Male) |
| 9:21 | Build | Mining Camp |
| 9:55 | Create | Villager (Male) |
| 9:58 | Research | Feudal Age |
| 10:20 | Build | Mill |
| 10:53 | Build | Mill |
| 11:03 | Research | Loom |
| 13:06 | Age | Feudal Age |
| 13:11 | Create | Villager (Male) |
| 13:12 | Create | Villager (Male) |
| 13:12 | Create | Villager (Male) |
| 14:15 | Build | Farm |
| 14:22 | Build | Market |
| 14:29 | Create | Villager (Male) |
| 14:29 | Create | Villager (Male) |
| 14:31 | Create | Villager (Male) |
| 15:26 | Create | Villager (Male) |
| 15:26 | Create | Villager (Male) |
| 15:31 | Build | Mining Camp |
| 15:50 | Build | Mill |
| 16:06 | Build | House |
| 16:29 | Build | Blacksmith |
| 16:41 | Build | House |
| 17:08 | Research | Castle Age |
| 17:08 | Research | Castle Age |
| 17:11 | Build | Farm |
| 17:11 | Build | Farm |
| 17:11 | Build | Farm |
| 17:12 | Build | Farm |
| 17:12 | Build | Farm |
| 17:12 | Build | Farm |
| 17:30 | Build | Palisade Wall |
| 17:36 | Build | Farm |
| 18:12 | Research | Double-Bit Axe |
| 18:14 | Research | Horse Collar |
| 18:31 | Build | Barracks |
| 19:30 | Build | Stable |
| 19:48 | Age | Castle Age |
| 19:56 | Build | Castle |
| 20:05 | Build | Monastery |
| 20:26 | Create | Knight ×5 |
| 20:48 | Build | Farm |
| 20:56 | Build | Castle |
| 21:08 | Create | Monk |
| 21:39 | Research | Husbandry |
| 21:49 | Create | Villager (Male) |
| 21:49 | Create | Villager (Male) |
| 21:52 | Research | Wheelbarrow |
| 21:54 | Research | Bloodlines |
| 22:29 | Create | Conquistador ×5 |
| 23:46 | Create | Knight |
| 23:46 | Create | Knight |
| 23:47 | Create | Knight |
| 24:56 | Build | Town Center |
| 25:08 | Research | Hand Cart |
| 25:10 | Create | Conquistador |
| 26:17 | Research | Fletching |
| 26:21 | Create | Villager (Male) |
| 26:21 | Create | Villager (Male) |
| 26:22 | Create | Villager (Male) |
| 27:12 | Create | Conquistador ×3 |
| 27:48 | Create | Petard |
| 27:48 | Create | Petard |
| 27:53 | Create | Petard |
| 27:53 | Create | Petard |
| 28:20 | Create | Villager (Male) |
| 28:21 | Create | Villager (Male) |
| 28:21 | Create | Villager (Male) |
| 28:25 | Build | Farm |
| 28:25 | Build | Farm |
| 28:25 | Build | Farm |
| 28:25 | Build | Farm |
| 28:26 | Build | Farm |
| 28:26 | Build | Farm |
| 28:26 | Build | Farm |
| 29:41 | Create | Villager (Male) |
| 29:42 | Create | Villager (Male) |
| 30:21 | Research | Bodkin Arrow |
| 31:08 | Build | Monastery |
| 31:13 | Build | University |
| 31:18 | Research | Pikeman (upgrade) |
| 31:18 | Research | Squires |
| 32:06 | Research | Ballistics |
| 32:07 | Research | Murder Holes |
| 32:07 | Create | Monk |
| 32:08 | Create | Monk |
| 32:11 | Build | Farm |
| 32:12 | Create | Villager (Male) |
| 32:12 | Create | Villager (Male) |
| 32:24 | Create | Villager (Male) |
| 32:56 | Create | Conquistador ×5 |
| 33:49 | Create | Villager (Male) |
| 33:49 | Create | Villager (Male) |
| 33:49 | Create | Villager (Male) |
| 33:50 | Create | Villager (Male) |
| 33:52 | Build | Farm |
| 33:52 | Build | Farm |
| 33:53 | Build | Farm |
| 33:53 | Build | Farm |
| 33:53 | Build | Farm |
| 34:03 | Research | Heavy Plow |
| 34:45 | Build | Castle |
| 36:29 | Create | Villager (Male) |
| 36:30 | Create | Villager (Male) |
Match timeline
| 11:33 | EliasCar · age_up feudal |
| 12:31 | EliasCar · first_building Barracks |
| 13:06 | LeLoi448 · age_up feudal |
| 13:44 | EliasCar · first_building Stable |
| 17:30 | LeLoi448 · wall_segment Palisade Wall x1 |
| 18:31 | LeLoi448 · first_building Barracks |
| 19:30 | LeLoi448 · first_building Stable |
| 19:43 | LeLoi448 · first_market_buy 100 stone |
| 19:48 | LeLoi448 · age_up castle |
| 19:56 | LeLoi448 · first_building Castle |
| 20:05 | LeLoi448 · first_building Monastery |
| 26:42 | EliasCar · age_up castle |
| 27:34 | EliasCar · first_building Castle |
| 32:35 | EliasCar · first_building Monastery |
| 37:51 | LeLoi448 · first_building Siege Workshop |
| 40:39 | LeLoi448 · age_up imperial |
| 48:29 | EliasCar · age_up imperial |
| 51:42 | EliasCar · first_market_buy 100 wood |
| 56:37 | LeLoi448 · first_building Archery Range |
| 59:52 | LeLoi448 · first_market_sell 500 food |
| 72:20 | EliasCar · resign |
[ AI ANALYSIS · 1 CREDIT ]
What really happened in this match?
Wolo.gg analyzes every decision: build order, eco, micro, common mistakes by bracket. Personalized analysis on WhatsApp or Discord in 30 seconds.
Civ guide
Japanese
Map guide
Ring Fortress
Perfil
EliasCar